Map: Ujari

Players

Yata

  • Race: Zerg Zerg
  • League: Gold
  • Spawn Location: 3:00

SHreddedWInd

  • Race: Protoss Protoss
  • League: Diamond
  • Spawn Location: 0:00

Myhome

  • Race: Terran Terran
  • League: Diamond
  • Spawn Location: 3:00

agentZERO - Winner!

  • Race: Protoss Protoss
  • Spawn Location: 0:00

PRODUCTRED - Winner!

  • Race: Terran Terran
  • Spawn Location: 9:00

SMOKINGWiiD - Winner!

  • Race: Protoss Protoss
  • Spawn Location: 9:00

VOD

Have the link to the VOD?

Description

Time

  • Played on: Sept. 4, 2017, 9:43 p.m.
  • Length: 13:50
Show
View Real Time Build Order
Export as new Build Order

Yata Zerg 

Build Orders: Pool First 

Get SALT Encoding   

  12  0:01  Drone  
  13  0:24  Spawning Pool  
  12  0:31  Overlord  
  12  0:35  Drone  
  13  0:40  Drone  
  14  0:47  Extractor, Drone  
  14  0:53  Drone  
  15  1:03  Drone  
  16  1:16  Drone  
  17  1:19  Queen  
  19  1:27  Drone  
  20  1:38  Drone  
  21  1:46  Drone  
  22  2:02  Baneling Nest  
  22  2:13  Roach Warren  
  22  2:14  Lair  
  21  2:18  Zergling x2  
  21  2:21  Overlord x2  
  22  2:31  Extractor, Drone  
  22  2:43  Evolution Chamber  
  21  2:47  Drone x3  
  24  3:05  Drone  
  25  3:09  Zerg Missile Weapons Level 1  
  25  3:12  Glial Reconstitution  
  25  3:14  Roach  
  25  3:15  Roach  
  29  3:20  Roach  
  29  3:26  Roach  
  33  3:29  Overlord  
  33  3:36  Roach  
  35  3:44  Overlord  
  35  3:55  Roach x3  
  41  4:00  Evolution Chamber  
  41  4:02  Roach  
  42  4:12  Roach  
  44  4:21  Roach x3  
  50  4:48  Spore Crawler  
  49  5:05  Roach  
  49  5:06  Roach  
  53  5:12  Overlord x3  
  53  5:17  Zerg Ground Armor Level 1  
  53  5:20  Zerg Missile Weapons Level 2  
  53  5:33  Roach  
  53  5:34  Roach  
  51  5:47  Roach x2  
  55  6:02  Roach x3  
  61  6:12  Burrow  
  61  6:30  Drone  
  61  6:31  Drone  
  61  6:32  Tunneling Claws  
  65  6:47  Roach x2  
  67  7:00  Roach  
  69  7:33  Overlord x2  
  69  7:34  Overlord x2  
  69  7:46  Hatchery  
  68  7:55  Roach  
  68  7:56  Roach  
  72  8:25  Hatchery  
  72  8:26  Queen  
  73  8:52  Roach x24  
  73  9:05  Drone x2  
  73  9:06  Drone x7  
  82  9:23  Drone x4  
  82  9:24  Drone x2  
  88  9:39  Spore Crawler  
  88  9:40  Spore Crawler  
  86  9:45  Spore Crawler  
  86  9:48  Hydralisk Den  
  84  9:57  Spore Crawler  
  84  9:58  Spore Crawler  
  82  10:05  Ravager x2  
  82  10:06  Ravager x2  
  86  10:08  Ravager x3  
  86  10:11  Drone x4  
  86  10:12  Drone  
  94  10:20  Spore Crawler  
  93  10:27  Drone x3  
  93  10:28  Drone x2  
  98  10:38  Hydralisk  
  98  10:39  Hydralisk  
  102  11:01  Drone  
  102  11:02  Drone x6  
  102  11:03  Drone  
  110  11:05  Muscular Augments  
  110  11:06  Queen  
  97  11:25  Hydralisk x4  
  85  11:26  Hydralisk x3  
  96  11:38  Roach x4  
  96  11:39  Roach  
  106  11:46  Spore Crawler  
  106  11:47  Spore Crawler  
  104  12:10  Hydralisk x5  
  112  12:19  Hydralisk  
  112  12:22  Overlord x2, Hatchery  
  113  12:23  Overlord  
  113  12:28  Extractor  
  112  12:30  Extractor  
  112  12:34  Extractor  
  112  12:35  Extractor  
  109  12:45  Spore Crawler  
  109  12:46  Spore Crawler  
  107  13:07  Hydralisk  
  107  13:08  Hydralisk x10  
  115  13:24  Hydralisk x7  
Show
View Real Time Build Order
Export as new Build Order

SHreddedWInd Protoss 

Build Orders:  

Get SALT Encoding   

  12  0:01  Probe (Chrono Boost)  
  13  0:12  Probe (Chrono Boost)  
  14  0:17  Pylon  
  14  0:23  Probe (Chrono Boost)  
  15  0:36  Probe (Chrono Boost)  
  16  0:46  Probe (Chrono Boost)  
  16  0:48  Pylon  
  17  0:58  Probe (Chrono Boost)  
  18  1:09  Probe (Chrono Boost)  
  19  1:14  Gateway  
  19  1:15  Gateway  
  19  1:19  Probe (Chrono Boost)  
  20  1:30  Pylon  
  20  1:57  Probe (Chrono Boost)  
  21  2:02  Zealot (Chrono Boost)  
  21  2:03  Pylon  
  21  2:06  Zealot (Chrono Boost)  
  21  2:07  Probe  
  26  2:12  Gateway  
  26  2:14  Assimilator  
  25  2:28  Cybernetics Core, Probe  
  26  2:31  Zealot (Chrono Boost)  
  26  2:35  Zealot (Chrono Boost)  
  30  2:54  Gateway  
  30  2:55  Zealot (Chrono Boost)  
  32  3:02  Pylon  
  32  3:13  Assimilator  
  28  3:20  Zealot (Chrono Boost)  
  32  3:33  Warp Gate (Chrono Boost)  
  23  3:52  Pylon, Nexus  
  23  3:54  Pylon  
  23  3:55  Probe  
  24  3:57  Stalker  
  24  4:02  Gateway  
  24  4:04  Gateway  
  24  4:07  Probe  
  25  4:34  Stalker  
  17  5:29  Probe  
  18  5:41  Probe  
  15  5:46  Stalker x2  
  15  5:47  Stalker  
  21  5:53  Probe (Chrono Boost)  
  22  6:01  Probe (Chrono Boost)  
  20  6:04  Probe (Chrono Boost)  
  22  6:11  Probe (Chrono Boost)  
  22  6:15  Probe (Chrono Boost)  
  23  6:22  Probe (Chrono Boost)  
  25  6:25  Probe (Chrono Boost)  
  25  6:31  Pylon  
  25  6:32  Probe (Chrono Boost)  
  26  6:34  Stalker x2  
  26  6:39  Probe (Chrono Boost)  
  31  6:42  Stalker  
  33  6:58  Stalker x2  
  37  7:01  Probe (Chrono Boost)  
  37  7:04  Probe (Chrono Boost)  
  39  7:12  Probe (Chrono Boost)  
  40  7:17  Stalker  
  40  7:22  Probe x2 (Chrono Boost)  
  44  7:31  Stalker  
  44  7:33  Probe (Chrono Boost)  
  44  7:36  Probe (Chrono Boost)  
  48  7:43  Stalker  
  50  7:47  Probe x2 (Chrono Boost)  
  52  7:57  Probe (Chrono Boost)  
  53  8:01  Probe (Chrono Boost)  
  54  8:09  Probe (Chrono Boost)  
  54  8:12  Assimilator, Probe (Chrono Boost)  
  56  8:16  Assimilator  
  56  8:19  Probe (Chrono Boost)  
  57  8:30  Stalker, Probe (Chrono Boost)  
  57  8:31  Stalker  
  58  8:41  Probe (Chrono Boost)  
  57  8:48  Stalker  
  59  8:51  Probe (Chrono Boost)  
  60  9:21  Stalker x3  
  60  9:24  Probe (Chrono Boost)  
  67  9:26  Probe (Chrono Boost)  
  64  9:34  Probe (Chrono Boost)  
  62  9:46  Gateway x2  
  62  9:50  Gateway  
  62  10:02  Nexus  
  62  10:20  Stargate  
  62  10:24  Pylon  
  62  10:25  Pylon  
  11  11:27  Probe (Chrono Boost)  
  12  11:37  Probe (Chrono Boost)  
  13  11:48  Probe (Chrono Boost)  
  14  11:58  Probe (Chrono Boost)  
  11  12:09  Probe (Chrono Boost)  
  9  12:23  Probe (Chrono Boost)  
  10  12:33  Probe (Chrono Boost)  
  12  12:44  Probe (Chrono Boost)  
  12  12:53  Stalker  
  12  12:54  Stalker  
  12  12:55  Stalker  
Show
View Real Time Build Order
Export as new Build Order

Myhome Terran 

Build Orders: MMM Bio 

Get SALT Encoding   

  12  0:01  SCV  
  13  0:13  SCV  
  14  0:18  Supply Depot  
  14  0:25  SCV  
  15  0:40  SCV  
  15  0:41  Barracks  
  16  0:46  Refinery  
  16  0:53  SCV  
  17  1:05  SCV  
  17  1:08  Barracks  
  18  1:18  SCV  
  19  1:21  Refinery  
  19  1:31  Orbital Command  
  19  1:33  Barracks Reactor  
  19  1:53  Barracks  
  19  1:55  Barracks Tech Lab  
  19  1:59  SCV  
  20  2:09  Marine  
  20  2:10  Marine  
  20  2:12  SCV  
  23  2:16  Supply Depot  
  23  2:22  Stimpack  
  23  2:35  Supply Depot  
  23  2:37  Marine  
  23  2:38  SCV  
  23  2:40  Barracks Tech Lab  
  23  2:42  Marine  
  26  2:44  Marine  
  26  2:50  SCV  
  28  2:56  Factory  
  28  3:01  Marine  
  28  3:02  SCV  
  28  3:05  Marine  
  31  3:10  Combat Shields  
  31  3:14  Marine  
  31  3:16  Marine  
  33  3:22  Marine  
  34  3:29  Supply Depot  
  34  3:30  Marine  
  35  3:37  Marine x2  
  35  3:39  SCV  
  38  3:47  Starport  
  38  3:50  Marine  
  38  3:52  Marine  
  40  4:00  Marine x2  
  42  4:11  SCV  
  42  4:12  Marine x2  
  45  4:20  Marine x2  
  47  4:34  Supply Depot  
  47  4:36  Supply Depot  
  47  4:55  Medivac, SCV, Marine x4  
  47  4:59  Engineering Bay  
  54  5:02  Engineering Bay  
  54  5:08  SCV  
  54  5:13  Marine x4  
  42  5:31  Marine x4  
  42  5:49  Marine x2  
  44  5:51  Marine  
  44  5:52  Marine  
  46  6:04  Missile Turret  
  46  6:06  Marine x2, SCV  
  46  6:07  Command Center  
  46  6:09  Marine x2  
  51  6:14  Terran Infantry Weapons Level 1, Barracks  
  51  6:19  Terran Infantry Armor Level 1  
  51  6:24  Marine  
  52  6:32  Marine x3  
  55  6:42  Marine  
  56  6:49  Marine x2  
  56  6:50  Marine  
  57  7:03  Marine  
  57  7:04  Medivac  
  57  7:06  Barracks Reactor  
  57  7:07  Marine x3  
  63  7:15  Supply Depot  
  63  7:16  SCV  
  63  7:18  Supply Depot  
  63  7:20  Marine  
  65  7:29  Marine x3  
  68  7:34  Medivac  
  67  7:48  Marine x4  
  67  7:49  Marine x2  
  68  8:06  Marine x2  
  68  8:09  Orbital Command  
  70  8:21  Missile Turret  
  70  8:25  Marine  
  71  8:40  Marine x4  
  71  8:41  Marine  
  76  8:53  Marine  
  77  8:58  Marine x4  
  72  9:18  Marine x2  
  72  9:19  Marine x4  
  72  9:20  Medivac  
  72  9:24  SCV x2  
  71  9:36  SCV, Marine x3  
  71  9:37  SCV, Marine x3  
  79  9:50  Medivac  
  81  9:54  SCV x2, Marine x4  
  81  9:55  Marine  
  81  9:57  Marine  
  89  10:12  Marine x4  
  93  10:17  Marine  
  93  10:18  Marine  
  93  10:19  SCV x2  
  97  10:24  Armory  
  97  10:30  Marine x3  
  97  10:34  Command Center  
  100  10:39  Marine x2  
  100  10:40  Barracks x2  
  102  11:12  Supply Depot, SCV x2, Marine x6  
  102  11:13  Supply Depot  
  102  11:15  Supply Depot  
  110  11:33  Marine x6  
  110  11:37  Marine x2  
  110  11:38  Medivac  
  120  11:50  Orbital Command  
  120  11:51  Marine x6  
  120  11:52  SCV x2  
  128  11:55  Marine  
  129  12:02  Refinery x2  
  129  12:06  Marine  
  130  12:08  Medivac  
  130  12:09  Marine x3  
  130  12:10  Marine x3  
  138  12:20  SCV  
  138  12:21  SCV  
  140  12:24  Refinery  
  140  12:29  Refinery  
  140  12:33  Marine x4  
  140  12:34  Marine x2  
  146  12:38  Medivac  
  146  12:43  Marine  
  149  12:44  Marine  
  149  12:51  Marine x3  
  141  12:53  Marine x3  
  128  13:02  Marine  
  128  13:03  Marine  
  81  13:08  Medivac  
  81  13:09  Marine x2  
  81  13:11  Marine x3  
  55  13:20  Marine  
Show
View Real Time Build Order
Export as new Build Order

agentZERO Protoss - Winner!

Build Orders: 1 Gate Expand, Oracle Opening 

Get SALT Encoding   

  12  0:02  Probe (Chrono Boost)  
  13  0:14  Probe (Chrono Boost)  
  14  0:21  Pylon  
  14  0:25  Probe (Chrono Boost)  
  15  0:39  Probe (Chrono Boost)  
  15  0:41  Assimilator  
  16  0:50  Probe (Chrono Boost)  
  16  0:55  Gateway  
  17  1:00  Probe (Chrono Boost)  
  19  1:11  Probe (Chrono Boost)  
  19  1:21  Probe (Chrono Boost)  
  20  1:28  Assimilator  
  20  1:32  Probe (Chrono Boost)  
  21  1:40  Nexus  
  21  1:51  Cybernetics Core  
  21  1:52  Probe (Chrono Boost)  
  22  2:00  Pylon  
  22  2:04  Probe (Chrono Boost)  
  23  2:14  Gateway  
  25  2:28  Mothership Core (Chrono Boost)  
  25  2:29  Adept  
  27  2:31  Warp Gate  
  27  2:40  Pylon  
  27  2:46  Probe (Chrono Boost)  
  28  3:02  Adept x2  
  32  3:09  Stargate  
  32  3:29  Probe x2 (Chrono Boost)  
  32  3:32  Forge  
  34  3:40  Probe x2 (Chrono Boost)  
  36  3:45  Pylon  
  36  3:52  Oracle (Chrono Boost)  
  39  3:56  Stalker x2  
  43  4:07  Photon Cannon  
  43  4:10  Photon Cannon  
  43  4:13  Probe  
  43  4:14  Probe  
  43  4:29  Phoenix (Chrono Boost)  
  45  4:52  Photon Cannon  
  45  4:54  Photon Cannon  
  45  5:04  Stalker x2  
  47  5:33  Stalker x2  
  51  5:40  Void Ray (Chrono Boost)  
  53  6:10  Stargate, Probe  
  54  6:11  Probe  
  54  6:13  Assimilator  
  54  6:17  Assimilator  
  55  6:19  Photon Cannon  
  55  6:20  Probe  
  55  6:22  Pylon  
  55  6:23  Probe  
  57  6:32  Void Ray (Chrono Boost)  
  61  6:35  Probe  
  61  6:37  Stargate  
  61  6:38  Probe  
  62  6:44  Photon Cannon  
  63  6:47  Probe  
  58  7:04  Probe  
  58  7:05  Photon Cannon, Probe  
  60  7:17  Probe  
  60  7:22  Void Ray (Chrono Boost)  
  69  7:26  Pylon  
  69  7:27  Void Ray (Chrono Boost)  
  69  7:28  Pylon  
  69  7:29  Probe  
  70  7:44  Probe  
  70  7:48  Protoss Ground Weapons Level 1  
  70  7:51  Void Ray (Chrono Boost)  
  75  7:59  Probe  
  75  8:00  Probe  
  77  8:09  Probe  
  79  8:12  Probe  
  79  8:20  Probe  
  79  8:22  Nexus  
  79  8:25  Probe  
  78  8:43  Void Ray (Chrono Boost)  
  78  8:48  Pylon  
  86  8:49  Void Ray (Chrono Boost)  
  86  8:51  Protoss Air Weapons Level 1  
  86  9:02  Assimilator  
  86  9:06  Probe  
  91  9:12  Void Ray (Chrono Boost)  
  91  9:40  Probe  
  91  9:41  Probe  
  91  9:42  Probe  
  94  9:51  Probe  
  94  9:54  Protoss Shields Level 1, Probe  
  96  10:02  Fleet Beacon  
  96  10:06  Probe x2  
  96  10:07  Probe  
  96  10:08  Assimilator  
  99  10:16  Probe  
  99  10:17  Probe  
  99  10:19  Probe  
  102  10:27  Probe  
  102  10:28  Probe  
  102  10:31  Probe  
  91  11:00  Carrier (Chrono Boost)  
  91  11:02  Protoss Air Armor Level 1 (Chrono Boost)  
  109  11:04  Cybernetics Core  
  109  11:10  Twilight Council  
  109  11:11  Carrier (Chrono Boost)  
  109  11:12  Carrier (Chrono Boost)  
  109  11:27  Pylon  
  109  11:29  Pylon  
  109  11:30  Pylon  
  109  11:31  Pylon  
  109  11:43  Graviton Catapult  
  109  11:44  Protoss Air Weapons Level 2 (Chrono Boost), Probe  
  109  11:45  Probe  
  111  12:22  Carrier (Chrono Boost)  
  129  12:35  Mothership Core, Nexus  
  129  12:36  Pylon  
  131  12:40  Pylon  
  131  13:23  Stargate  
  131  13:27  Probe x2  
  131  13:28  Probe  
  131  13:31  Photon Cannon  
  134  13:34  Photon Cannon  
  134  13:38  Photon Cannon  
  134  13:41  Assimilator  
  135  13:47  Assimilator  
Show
View Real Time Build Order
Export as new Build Order

PRODUCTRED Terran - Winner!

Build Orders: MMM Bio 

Get SALT Encoding   

  12  0:06  SCV  
  13  0:18  SCV  
  14  0:27  Supply Depot  
  14  0:30  SCV  
  15  0:39  Refinery  
  15  0:48  SCV  
  16  0:50  Barracks  
  16  1:01  SCV  
  17  1:10  Supply Depot  
  17  1:13  SCV  
  18  1:25  SCV  
  19  1:37  SCV  
  20  1:48  Marine  
  20  1:49  SCV  
  22  2:05  Marine  
  23  2:23  Marine  
  23  2:26  Bunker  
  23  2:27  Barracks  
  24  2:32  Engineering Bay  
  24  2:37  SCV  
  24  2:41  Marine  
  24  2:57  SCV  
  25  2:59  Marine  
  25  3:03  Supply Depot  
  26  3:09  SCV  
  27  3:12  Supply Depot  
  27  3:17  Marine  
  28  3:33  Barracks Tech Lab  
  27  3:34  Marine  
  27  3:37  SCV  
  27  3:40  Factory  
  29  3:44  Refinery  
  29  3:49  SCV  
  29  3:52  Marine x2  
  29  3:54  Stimpack  
  32  4:10  Marine  
  32  4:16  SCV  
  34  4:22  Command Center  
  34  4:28  Factory Reactor, SCV  
  34  4:29  Factory Tech Lab  
  35  4:32  Marine x2  
  37  4:38  Bunker  
  37  4:42  SCV  
  37  4:45  Bunker  
  38  4:49  Marine  
  39  5:00  Siege Tank  
  39  5:01  Marine  
  43  5:07  Marine  
  43  5:19  Marine  
  44  5:25  Marine  
  42  5:36  Marine  
  38  5:43  Marine  
  39  5:54  Marine  
  39  5:55  Bunker  
  40  6:01  Marine  
  41  6:12  Marine, SCV  
  41  6:13  SCV  
  41  6:17  Combat Shields  
  44  6:19  Marine  
  44  6:24  SCV  
  46  6:26  SCV  
  46  6:30  Marine  
  48  6:36  Marine  
  48  6:38  Siege Tank, SCV  
  53  6:48  Marine  
  53  6:50  SCV  
  55  6:54  Marine  
  55  7:00  Supply Depot, SCV  
  57  7:02  SCV  
  57  7:05  Marine  
  59  7:10  Starport  
  59  7:12  SCV  
  61  7:22  Siege Tank  
  64  7:23  Marine  
  64  7:24  SCV  
  65  7:40  Supply Depot  
  65  7:41  Marine  
  65  7:43  Barracks Reactor  
  66  7:49  Starport Reactor  
  66  7:51  Supply Depot  
  66  7:52  SCV  
  66  7:57  SCV  
  68  8:01  Refinery x2  
  68  8:03  Missile Turret  
  68  8:08  Missile Turret  
  68  8:09  SCV  
  68  8:10  Terran Infantry Weapons Level 1  
  69  8:14  Supply Depot  
  69  8:21  SCV  
  69  8:23  Marine x3  
  73  8:28  Medivac x2  
  73  8:34  SCV  
  78  8:36  Siege Tank  
  81  8:43  Orbital Command  
  81  8:46  SCV  
  82  8:58  Supply Depot  
  82  8:59  Medivac  
  63  9:20  SCV  
  64  9:28  Medivac  
  64  9:29  Medivac  
  68  9:32  SCV  
  69  9:45  SCV  
  70  9:57  SCV  
  70  9:59  Medivac  
  73  10:04  Marine  
  73  10:05  Marine  
  75  10:09  SCV  
  76  10:21  SCV  
  77  10:22  Marine  
  77  10:24  Marine x2  
  77  10:26  Siege Tank  
  77  10:27  SCV  
  84  10:29  Supply Depot  
  84  10:35  Medivac x2  
  86  10:40  Marine  
  89  10:48  Marine x2  
  91  10:54  Barracks  
  91  10:58  Siege Tank, Marine  
  95  11:15  Marine  
  60  11:33  Medivac  
  60  11:34  Medivac  
  60  11:35  Marine x3  
  60  11:38  Siege Tank  
  60  11:39  SCV  
  71  11:42  Supply Depot  
  71  11:48  SCV  
  71  11:52  Marine  
  71  11:53  Terran Infantry Armor Level 1, Marine x2  
  75  12:00  SCV  
  76  12:10  Marine  
  76  12:12  SCV  
  78  12:17  Command Center  
  78  12:21  Marine x2  
  78  12:22  Medivac  
  82  12:28  Marine  
  83  12:38  Marine  
  77  12:56  Marine  
  46  13:25  Marine x3  
  49  13:40  Barracks Reactor  
Show
View Real Time Build Order
Export as new Build Order

SMOKINGWiiD Protoss - Winner!

Build Orders:  

Get SALT Encoding   

  12  0:03  Probe (Chrono Boost)  
  13  0:13  Probe (Chrono Boost)  
  14  0:24  Probe (Chrono Boost)  
  15  0:32  Pylon  
  15  0:50  Probe (Chrono Boost)  
  16  0:58  Gateway  
  16  1:01  Gateway, Probe (Chrono Boost)  
  17  1:11  Probe (Chrono Boost)  
  17  1:18  Pylon  
  18  1:20  Assimilator  
  18  1:22  Probe (Chrono Boost)  
  19  1:27  Assimilator  
  20  1:32  Probe (Chrono Boost)  
  20  1:53  Probe (Chrono Boost)  
  21  2:00  Cybernetics Core  
  21  2:04  Probe (Chrono Boost)  
  22  2:28  Probe (Chrono Boost)  
  23  2:40  Stalker x2  
  23  2:42  Mothership Core (Chrono Boost)  
  29  2:45  Nexus  
  29  2:48  Pylon  
  29  3:00  Probe (Chrono Boost)  
  30  3:11  Stalker x2  
  34  3:40  Probe (Chrono Boost)  
  34  3:41  Stalker  
  35  3:46  Robotics Facility  
  37  3:59  Stalker  
  39  4:05  Probe (Chrono Boost)  
  39  4:06  Pylon  
  40  4:12  Twilight Council  
  40  4:15  Probe (Chrono Boost)  
  41  4:25  Stargate, Probe (Chrono Boost)  
  42  4:36  Probe (Chrono Boost)  
  42  4:37  Stalker x2  
  47  4:46  Probe (Chrono Boost)  
  42  5:20  Stalker x2  
  42  5:47  Probe (Chrono Boost)  
  43  5:50  Stalker x2  
  47  5:57  Probe (Chrono Boost)  
  47  6:01  Nexus  
  48  6:04  Pylon  
  48  6:08  Probe (Chrono Boost)  
  49  6:18  Probe x2 (Chrono Boost)  
  50  6:19  Observer  
  50  6:20  Stalker x2  
  50  6:25  Pylon  
  56  6:29  Probe (Chrono Boost)  
  57  6:36  Blink  
  58  6:40  Probe (Chrono Boost)  
  58  6:41  Observer  
  58  6:46  Assimilator x2  
  59  6:50  Stalker, Probe (Chrono Boost)  
  62  7:00  Assimilator  
  62  7:01  Probe (Chrono Boost)  
  63  7:02  Assimilator  
  63  7:05  Pylon  
  63  7:11  Pylon  
  63  7:14  Stalker  
  65  7:27  Stalker  
  67  7:44  Stalker  
  65  7:53  Probe (Chrono Boost)  
  65  7:55  Probe (Chrono Boost)  
  67  8:04  Probe (Chrono Boost)  
  68  8:06  Probe (Chrono Boost)  
  68  8:11  Probe (Chrono Boost)  
  70  8:14  Probe (Chrono Boost)  
  70  8:16  Probe (Chrono Boost)  
  72  8:21  Probe (Chrono Boost)  
  72  8:22  Pylon, Fleet Beacon  
  72  8:25  Stargate, Probe (Chrono Boost)  
  72  8:27  Probe (Chrono Boost)  
  75  8:30  Pylon  
  75  8:31  Probe (Chrono Boost)  
  75  8:33  Protoss Air Weapons Level 1 (Chrono Boost)  
  75  8:34  Probe (Chrono Boost)  
  76  8:36  Probe  
  76  8:37  Observer  
  79  8:43  Probe  
  79  8:44  Probe  
  79  8:46  Probe  
  82  8:55  Probe  
  83  8:56  Forge  
  83  8:57  Probe  
  83  9:01  Stargate  
  84  9:07  Probe x2  
  86  9:14  Stalker x2  
  90  9:19  Probe  
  91  9:25  Pylon  
  91  9:28  Carrier x2  
  103  9:31  Probe  
  103  9:35  Graviton Catapult  
  104  9:39  Pylon  
  104  9:43  Probe  
  105  9:49  Carrier  
  105  9:50  Probe  
  105  9:51  Probe  
  112  9:56  Probe  
  114  10:00  Probe  
  114  10:02  Probe  
  116  10:08  Probe  
  116  10:13  Probe  
  117  10:20  Probe  
  119  10:23  Probe  
  120  10:37  Photon Cannon  
  120  10:38  Protoss Shields Level 1  
  120  10:48  Pylon  
  120  10:54  Carrier x2  
  132  11:03  Nexus  
  132  11:08  Pylon  
  132  11:12  Assimilator  
  132  11:14  Carrier  
  132  11:17  Assimilator  
  138  11:24  Probe  
  139  11:34  Photon Cannon  
  139  11:50  Protoss Air Weapons Level 2 (Chrono Boost)  
  145  12:19  Probe  
  146  12:30  Probe  
  147  12:40  Probe  
Tags
 
Add a new tag
Caveats
  • Supply blocks, unpowered buildings, or Contaminate may cause inaccurate times.
  • Supply counts are checked every 10 seconds.